 Dungeon Sprint DCSS version 0.17-a0-1663-gb806841 (webtiles) character file.

58 Kidiri the Covered (level 3, -2/38 HPs)
             Began as a Minotaur Fighter on Aug 16, 2015.
             Slain by a water elemental (7 damage)
             ... in the Dungeon (Sprint III: "The Ten Rune Challenge").
             The game lasted 00:01:56 (332 turns).

Kidiri the Covered (Minotaur Fighter)                Turns: 332, Time: 00:01:56

Health: -2/38      AC:  8    Str: 21    XL:     3   Next: 76%
Magic:  2/2        EV:  8    Int:  5    God:
Gold:   41         SH: 10    Dex:  9    Spells: 0 memorised, 2 levels left

rFire  . . .     SeeInvis .     a - +0 war axe
rCold  . . .     Rnd*Rage +     b - +0 scale mail
rNeg   . . .     SustAt   .     c - +0 shield
rPois  .         Gourm    .     (helmet restricted)
rElec  .         Spirit   .     (no cloak)
rCorr  .         Warding  .     (no gloves)
rMut   .         NoTele   +     (no boots)
MR     .....                    (no amulet)
Stlth  ..........               (no ring)
                                (no ring)

@: not resistant to hostile enchantments, extremely unstealthy
A: retaliatory headbutt, horns 2, talons 1, berserk 1, robust 1, shaggy fur 1,
evolution 1
a: no special abilities


You were in the Dungeon.
You were not hungry.

You visited 1 branch You collected 41 gold pieces.

Inventory:

Hand weapons
 a - a +0 war axe (weapon)
Armour
 b - a +0 scale mail (worn)
 c - a +0 shield (worn)
Magical devices
 l - a wand of magic darts (28)
Scrolls
 k - a scroll of blinking
 o - a scroll of immolation
 p - a scroll of identify
 q - 3 scrolls of remove curse
Potions
 d - 2 potions of might
 f - 2 potions of curing
 g - a potion of heal wounds
 h - a potion of haste
 i - 2 potions of magic
 j - a potion of berserk rage
Comestibles
 e - a bread ration
 m - 3 chunks of flesh
 r - a royal jelly
 t - 4 fruits


   Skills:
 + Level 4.9 Fighting
 * Level 4.8 Axes
 * Level 5.9 Armour
 + Level 2.4 Dodging
 * Level 5.6 Shields


You had 2 spell levels left.
You didn't know any spells.

Dungeon Overview and Level Annotations

Branches:
Dungeon (1/1)

Altars:


Innate Abilities, Weirdness & Mutations

You reflexively headbutt those who attack you in melee.
You have a pair of horns on your head.
You have sharp toenails.
You tend to lose your temper in combat.
You are robust (+10% HP).
You are covered in fur (AC +1).
You evolve.


Message History

Your headbutt misses the water elemental.
The water elemental is heavily damaged.
You block the water elemental's attack. x2
You closely miss the water elemental.
You claw the water elemental, but do no damage.
The water elemental is heavily damaged.
You block the water elemental's attack.
You hit the water elemental but do no damage.
The water elemental is heavily damaged.
You block the water elemental's attack.
You slash the water elemental! Your kick misses the water elemental.
The water elemental is almost destroyed.
The water elemental hits you!
* * * LOW HITPOINT WARNING * * *
The water elemental engulfs you in water!
You block the water elemental's attack.
With effort, you pull free of the water engulfing you.
You gasp with relief as air once again reaches your lungs.
The water elemental hits you!
You die...

▓..#..#......♣ ♣.#
▓#'####......♣ ♣♣.#
▓.....#....≈.♣♣♣..###+#+#
▓.....#...≈≈♣.♣.♣.#......
▓.....#..≈≈≈≈.....'.⌠....
▓####'#..≈≈≈≈≈≈.♣.#...###
▓....[#.≈≈≈≈≈≈....# ⌠.#
▓.....#.≈≈≈≈≈E....# .#
▓.....#.≈≈≈...@...# #
▓'#####...........#
▓...........÷.....#
▓▓▓▓▓▓▓▓▓▓▓▓▓▓▓▓▓▓▓


You could see a water elemental.

Vanquished Creatures
  Jessica (D)
  A human (D)
  2 oozes (D)
  A phantom (D)
  A rat (D)
6 creatures vanquished.

Vanquished Creatures (others)
  2 draconian scorchers (D)
  A yaktaur (D)
3 creatures vanquished.

Grand Total: 9 creatures vanquished

Notes
Turn   | Place    | Note
--------------------------------------------------------------
     0 | D        | Kidiri the Minotaur Fighter began the quest for the Orb.
     0 | D        | Reached XP level 1. HP: 19/19 MP: 0/0
     7 | D        | Reached skill level 4 in Armour
     7 | D        | Reached skill level 1 in Dodging
     7 | D        | Reached XP level 2. HP: 17/27 MP: 1/1
    55 | D        | Killed a yaktaur
   187 | D        | Killed a white draconian scorcher
   209 | D        | Noticed Jessica
   211 | D        | Killed Jessica
   211 | D        | Reached skill level 5 in Armour
   211 | D        | Reached skill level 5 in Shields
   211 | D        | Reached XP level 3. HP: 32/34 MP: 2/2
   212 | D        | Killed a white draconian scorcher
   281 | D        | Gained mutation: You are dopey. (Int -2) [potion of mutation]
   281 | D        | Gained mutation: You can translocate small distances at will. [potion of mutation]
   281 | D        | Gained mutation: You are somewhat resistant to further mutation. [potion of mutation]
   282 | D        | Lost mutation: You are dopey. (Int -2) [potion of cure mutation]
   282 | D        | Lost mutation: You can translocate small distances at will. [potion of cure mutation]
   282 | D        | Lost mutation: You are somewhat resistant to further mutation. [potion of cure mutation]
   283 | D        | Gained mutation: You have sharp toenails. [potion of mutation]
   283 | D        | Gained mutation: You are covered in fur (AC +1). [potion of mutation]
   284 | D        | Gained mutation: You evolve. [potion of mutation]
   284 | D        | Gained mutation: You are robust (+10% HP). [potion of mutation]
   284 | D        | Gained mutation: You tend to lose your temper in combat. [potion of mutation]
   311 | D        | Noticed a water elemental
   332 | D        | Slain by a water elemental

Vault maps used:
D:        dungeon_sprint_mu

Action                   || total
-------------------------++-------
Melee: War axe           ||    29
  Use: Potion            ||     5
       Scroll            ||     2
